 Dungeon Crawl Stone Soup version 0.28.0-43-g3370ac3207 (webtiles) character file.

Game seed: 8532019619329120494

49 zeratav the Insei (level 3, -1/23 HPs)
             Began as an Octopode Transmuter on Apr 1, 2022.
             Slain by a water moccasin (8 damage)
             ... on level 3 of the Dungeon.
             The game lasted 00:09:46 (1896 turns).

zeratav the Insei (Octopode Transmuter)             Turns: 1896, Time: 00:09:46

Health: -1/23      AC:  1    Str:  9    XL:     3   Next: 75%
Magic:  6/6        EV: 13    Int: 17    God:
Gold:   72         SH:  0    Dex: 12    Spells: 2/6 levels left

rFire   . . .      SeeInvis .     - Unarmed
rCold   . . .      Faith    .   (no shield)
rNeg    . . .      Spirit   .   (helmet currently unavailable)
rPois   .          Reflect  .   (no amulet)
rElec   .          Harm     .   a - +4 ring of slaying
rCorr   +          Rampage  .   g - ring of resist corrosion
Will    .....                   (no ring)
Stlth   ++........              (no ring)
HPRegen 0.07/turn               (no ring)
MPRegen 0.10/turn               (no ring)
                                (no ring)
                                (no ring)

@: lethally poisoned (-1 -> -15), appendages (expiring), invisible
A: tentacle spike 3, almost no armour, amphibious, 8 rings, camouflage 1,
gelatinous body 1, (nimble swimmer 1), tentacles
a: End Transformation


You were on level 3 of the Dungeon.
One of your tentacles had grown a beastly spike.
You visited 1 branch of the dungeon, and saw 3 of its levels.

You collected 72 gold pieces.

Inventory:

Hand Weapons
 e - a +1 hunting sling
Missiles
 f - 44 sling bullets
 h - 2 poisoned darts
Jewellery
 a - a +4 ring of slaying (left tentacle)
 g - a ring of resist corrosion (right tentacle)
Potions
 i - a potion of haste {unknown}


   Skills:
 * Level 1.5 Fighting
 + Level 2.0 Dodging
 + Level 3.6 Unarmed Combat
 + Level 2.2 Spellcasting
 * Level 2.4 Transmutations
 * Level 1.4 Poison Magic


You had 2 spell levels left.
You knew the following spells:

 Your Spells              Type           Power      Damage    Failure   Level
a - Beastly Appendage     Tmut           20%        N/A       7%          1
b - Spider Form           Tmut/Pois      8%         N/A       26%         3

Your spell library contained the following spells:

 Spells                   Type           Power      Damage    Failure   Level
 Wereblood                Tmut           10%        N/A       11%         2
 Ice Form                 Ice/Tmut       6%         N/A       75%         4


Dungeon Overview and Level Annotations

Branches:
Dungeon (3/15)

Altars:


Innate Abilities, Weirdness & Mutations

One of your tentacles has grown a beastly spike.
You cannot wear most types of armour.
You are amphibious.
You can wear up to eight rings at the same time.
Your skin changes colour to match your surroundings (Stealth+).
Your rubbery body absorbs attacks. (AC +1, EV +1)
((You are camouflaged when in or above water. (Stealth+)))
You have tentacles for arms and can constrict up to eight enemies at once.


Message History

You closely miss the rat. You grab the rat.
Your tentacle spike misses the rat.
You constrict the rat. The hobgoblin hits you.
A goblin comes into view. It is wielding a +0 dagger.
The goblin shouts!
You tentacle-slap the rat.
You kill the rat!
The hobgoblin closely misses you.
You tentacle-slap the hobgoblin. You grab the hobgoblin.
You squeeze the hobgoblin.
You kill the hobgoblin!
You see here a hobgoblin corpse.
You tentacle-slap the goblin. You grab the goblin.
You pierce the goblin.
You kill the goblin!
f - 43 sling bullets (gained 1)
Things that are here:
a +0 dagger; a goblin corpse; a hobgoblin corpse You see here a hobgoblin corpse.
f - 44 sling bullets (gained 1)
You see here a +0 club.
Your transformation is almost over.
A water moccasin comes into view.
You see here a scroll labelled FUTUC BAPS.
Aiming: Charm
Press: ? - help, Q - select action, (/) - cycle Shift-Dir - straight line, f - water moccasin
Aim: a water moccasin (chance to affect: 49%)
The water moccasin resists with some effort.
The water moccasin closely misses you.
Aiming: Charm
Press: ? - help, Q - select action, (/) - cycle Shift-Dir - straight line, f/p - water moccasin
Aim: a water moccasin (chance to affect: 49%)
The water moccasin resists with some effort.
The now-empty wand crumbles to dust.
The water moccasin bites you!
You are lethally poisoned!
The water moccasin poisons you!
It was a potion of invisibility.
You fade into invisibility!
You feel very sick. The water moccasin bites you!
You die...

###..##### #.....(..#
#. #........# ..
#........# .#
#........## .#
.#.....)...## .#
..(.........## .#
##.(...†###..##.###...
###.(........@.......
###†#).....S.###...
#.##.###...# #. #.#
##..... .. #.# #......
.# #.# #...##.# ....
#.# #.#.# . ....###.#
#.#.. #..#..#
........# #.#. #
#.....#


You could see a water moccasin.

Vanquished Creatures
  An adder (D:3)
  3 dart slugs
  3 ball pythons
  3 endoplasms (D:2)
  5 goblins
  5 hobgoblins
  5 kobolds
  A quokka (D:1)
  A bat (D:1)
  A frilled lizard (D:1)
  4 rats
32 creatures vanquished.

Notes
Turn   | Place    | Note
-------+----------+-------------------------------------------
     0 | D:1      | zeratav the Octopode Transmuter began the quest for the
                  | Orb.
     0 | D:1      | Reached XP level 1. HP: 13/13 MP: 3/3
   136 | D:1      | You fall into a shaft and drop 1 floor!
   188 | D:2      | Reached XP level 2. HP: 6/18 MP: 5/5
  1509 | D:2      | Reached XP level 3. HP: 23/23 MP: 6/6
  1513 | D:2      | Learned a level 3 spell: Spider Form
  1611 | D:2      | Reached skill level 1 in Poison Magic
  1638 | D:2      | Found a faded altar of an unknown god.
  1776 | D:3      | Found the +7 great mace "Firestarter" {inner flame, rF++}
  1890 | D:3      | Noticed a water moccasin
  1896 | D:3      | Slain by a water moccasin

Illustrated notes

Levels and vault maps discovered:
D:1:      dpeg_chamrin_arrival_tetris, layout_basic, minmay_tromino_v2
D:2:      layout_rooms, shapermc_ecumenical_altar_mp_highgroup,
          minmay_splitting_lines
D:3:      layout_rooms, nicolae_overflow_hidden_temple

Skill      XL: |  1  2  3 |
---------------+----------+-----
Poison Magic   | 1 |  1.4
Fighting       | |  1.5
Dodging        | |  2.0
Unarmed Combat | |  3.6
Spellcasting   | |  2.2
Transmutations | |  2.4

Action                   || total
-------------------------++-------
Melee: Unarmed           ||    19
       Constrict         ||     8
       Tentacles         ||     3
       Kick              ||     2
 Fire: Hunting sling     ||    40
 Cast: Beastly Appendage ||     3
Evoke: Wand              ||     2
  Use: Scroll            ||     3
       Potion            ||     1
 Stab: Sleeping          ||     1
Armor: Skin              ||     1
Dodge: Dodged            ||    13
